Map: Frozen Temple

Players

vLDemonizer

  • Race: Terran Terran
  • League: Grandmaster

IIIIIIIIIIII - Winner!

  • Race: Terran Terran
  • League: Grandmaster

VOD

Have the link to the VOD?

Description

cheese on cheese Micro king for the win!

Time

  • Played on: Aug. 26, 2016, 12:19 a.m.
  • Length: 4:36
Show
View Real Time Build Order
Export as new Build Order

vLDemonizer Terran 

Build Orders:  

Get SALT Encoding   

  12  0:01  SCV  
  13  0:13  SCV  
  14  0:19  Supply Depot  
  14  0:25  SCV  
  15  0:41  SCV  
  16  0:45  Barracks  
  16  0:48  Refinery  
  16  0:53  SCV  
  17  1:06  SCV  
  18  1:11  Barracks  
  18  1:19  SCV  
  19  1:27  Refinery  
  19  1:32  Reaper  
  20  1:33  Barracks  
  20  1:36  SCV  
  21  1:50  Supply Depot  
  21  1:58  Reaper  
  21  2:04  Reaper  
  22  2:09  SCV, Supply Depot  
  23  2:16  Supply Depot  
  23  2:29  Reaper  
  21  2:30  Reaper  
  21  2:36  Reaper  
  10  3:06  Marine x2  
Show
View Real Time Build Order
Export as new Build Order

IIIIIIIIIIII Terran - Winner!

Build Orders:  

Get SALT Encoding   

  12  0:01  SCV  
  13  0:13  Supply Depot  
  13  0:35  Barracks  
  13  0:47  Barracks  
  13  1:07  SCV  
  13  1:08  Barracks  
  14  1:22  Marine  
  15  1:27  Barracks  
  15  1:33  Marine  
  16  1:40  Marine  
  17  1:51  Marine  
  18  2:00  Supply Depot  
  18  2:02  Marine x2  
  20  2:10  Marine  
  20  2:19  Marine  
  20  2:20  Marine  
  21  2:28  Marine  
  20  2:37  Marine  
  20  2:38  Marine  
  20  2:46  Marine  
Tags
 
Add a new tag
Caveats
  • Supply blocks, unpowered buildings, or Contaminate may cause inaccurate times.
  • Supply counts are checked every 10 seconds.